 Dungeon Crawl Stone Soup version 0.31.0-32-g396128a36d (webtiles) character file.

Game seed: 11028207526322800867

68952 Heretik the Metamorph (level 15, -1/133 HPs)
             Began as an Octopode Shapeshifter on Apr 14, 2024.
             Was an Initiate of Gozag.
             Incinerated by a deep elf pyromancer (14 damage)
             ... with a pyre arrow
             ... on level 13 of the Dungeon.
             The game lasted 00:41:27 (20162 turns).

Heretik the Metamorph (Octopode Shapeshifter)      Turns: 20162, Time: 00:41:27

Health: -1/133     AC: 12    Str: 24    XL:     15   Next: 28%
Magic:  12/16      EV: 27    Int: 20    God:    Gozag
Gold:   8479       SH:  0    Dex: 12    Spells: 6/16 levels left

rFire   . .          .
                       - Unarmed
rCold   . . .        (shield currently unavailable)
rNeg    . . .        d - melded +1 hat "Faxough" {Rampage Stlth+}
rPois   +            g - amulet of regeneration
rElec   .            E - +5 ring of evasion
rCorr   .            W - ring of willpower
SInv    .            w - ring of willpower
Will    ++++.        S - +6 ring of strength
Stlth   +            e - +5 ring of evasion
HPRegen 1.22/turn    k - ring of Equilibrium {Wiz Will+}
MPRegen 0.15/turn    m - +5 ring of evasion
                     (no ring)

%: wizardry (x1)
@: on fire, about to teleport, snake-form, fugue, gold aura, glowing
A: constrict, boosted hp, almost no armour, amphibious, 8 rings, large,
(camouflage 1), (gelatinous body 1), (nimble swimmer 1), (tentacles)
a: Begin Untransformation, Renounce Religion, Potion Petition, Call Merchant,
Bribe Branch


You were on level 13 of the Dungeon.
You worshipped Gozag.
Gozag was greatly pleased with you.
You were an enormous serpent.
You visited 2 branches of the dungeon, and saw 18 of its levels.
You also visited: Ossuary, Bailey and Ice Cave.

You collected 8518 gold pieces.
You paid 39 gold pieces to Gozag.


Innate Abilities, Weirdness & Mutations

You are an enormous serpent.
You have a powerful constriction melee attack.
Your maximum health is increased.
Your armour is entirely melded.
You are incapable of wielding weapons or throwing items.
You cannot wear most types of armour.
You are amphibious.
You can wear up to eight rings at the same time.
((Your skin changes colour to match your surroundings (Stealth+).))
((Your rubbery body absorbs attacks. (AC +1, EV +1)))
((You are camouflaged when in or above water. (Stealth+)))
((You have tentacles for arms and can constrict up to eight enemies at once.))


   Skills:
 + Level 13.2 Fighting
 - Level 7.0 Dodging
 - Level 4.0 Stealth
 - Level 12.0 Unarmed Combat
 - Level 1.0 Spellcasting
 - Level 8.0 Necromancy
 - Level 6.0 Ice Magic
 - Level 4.0 Evocations
 - Level 15.0 Shapeshifting


You had 6 spell levels left.
You knew the following spells:

 Your Spells              Type           Power      Damage    Failure   Level
f - Fugue of the Fallen   Necr           33%        N/A       1%          3
n - Dispel Undead         Necr           33%        3d14      2%          4
o - Ozocubu's Armour      Ice            25%        N/A       1%          3

Your spell library contained the following spells:

 Spells                   Type           Power      Damage    Failure   Level
 Kiss of Death            Conj/Necr      68%        2d10      1%          1
 Ensorcelled Hibernation  Hex/Ice        26%        N/A       3%          2
 Magic Dart               Conj           4%         1d3       7%          1
 Shock                    Conj/Air       4%         1d3       7%          1
 Sting                    Conj/Alch      4%         1d3       7%          1
 Blink                    Tloc           2%         N/A       11%         2
 Call Imp                 Summ           2%         N/A       11%         2
 Mercury Vapours          Alch/Air       2%         N/A       11%         2
 Scorch                   Fire           2%         2d5       11%         2
 Confusing Touch          Hex            1%         N/A       21%         3
 Inner Flame              Hex/Fire       1%         N/A       21%         3
 Passwall                 Erth           1%         N/A       21%         3
 Swiftness                Air            1%         N/A       21%         3
 Airstrike                Air            0%         2d(1-17)  52%         4
 Brom's Barrelling Bould  Conj/Erth      1%         2d3       52%         4
 Flame Wave               Conj/Fire      1%         2d4       52%         4
 Fulminant Prism          Conj/Alch      0%         3d5       52%         4
 Iskenderun's Mystic Bla  Conj/Tloc      1%         2d3       52%         4
 Manifold Assault         Tloc           1%         N/A       52%         4
 Olgreb's Toxic Radiance  Alch           1%         N/A       52%         4
 Freezing Cloud           Conj/Ice/Air   4%         6-21      61%         5
 Irradiate                Conj/Alch      0%         3d11      86%         5
 Dispersal                Tloc           0%         N/A       100%        6
 Summon Cactus Giant      Summ           0%         N/A       100%        6
 Ignition                 Fire           0%         3d3       100%        8
 Chain Lightning          Conj/Air       0%         2d1       100%        9
 Fire Storm               Conj/Fire      0%         6d1       100%        9
 Shatter                  Erth           0%         3d5*      100%        9

Inventory:

Missiles
 f - 9 throwing nets {=f}
Armour
 d - the +1 hat "Faxough" (melded) {Rampage Stlth+}
   (You acquired it on level 4 of the Lair of Beasts)

   Rampage:   It bestows one free step when moving towards enemies.
   Stlth+:    It makes you more stealthy.
Jewellery
 e - a +5 ring of evasion (on tentacle)
 g - an amulet of regeneration (around neck)
 k - the ring of Equilibrium (on tentacle) {Wiz Will+}
   (You acquired it on level 9 of the Dungeon)

   [ring of wizardry]

   Wiz:       It improves your spell success rate.
   Will+:     It increases your willpower.
 m - a +5 ring of evasion (on tentacle)
 w - a ring of willpower (on tentacle)
 E - a +5 ring of evasion (left tentacle)
 M - a ring of magical power
 S - a +6 ring of strength (on tentacle)
 W - a ring of willpower (right tentacle)
Talismans
 I - a serpent talisman (active)
Wands
 b - a wand of roots (17)
 q - a wand of mindburst (17)
 y - a wand of digging (6)
 L - a wand of paralysis (8)
 R - a wand of acid (8)
Scrolls
 c - 2 scrolls of enchant weapon
 h - 3 scrolls of revelation
 j - a scroll of fear
 n - a scroll of vulnerability
 p - 3 scrolls of fog
 s - 7 scrolls of teleportation {@r2}
 u - 7 scrolls of noise
 D - a scroll of enchant armour
 G - 2 scrolls of immolation
 H - a scroll of brand weapon
 P - a scroll of amnesia
 T - a scroll of torment
Potions
 a - 6 potions of lignification
 l - a potion of ambrosia
 o - 2 potions of invisibility
 r - 8 potions of enlightenment
 t - 2 potions of might
 v - 3 potions of cancellation
 x - a potion of berserk rage {!q}
 z - 6 potions of curing {@q1}
 B - 3 potions of haste {@q3}
 C - 4 potions of attraction
 F - 2 potions of brilliance
 J - a potion of mutation
 N - 2 potions of resistance
 Q - a potion of magic
Miscellaneous
 i - a lightning rod (2/4)

Dungeon Overview and Level Annotations

Branches:
Dungeon (13/15)            Temple (0/1) D:5            Lair (5/5) D:11
 Shoals (0/4) Lair:3       Spider (0/4) Lair:3        Slime (0/5) Lair:4
    Orc (0/2) D:12        Ossuary (visited)          Bailey (visited)
  IceCv (visited)
 Vaults: D:13-14

Altars:
Cheibriados
Gozag
Hepliaklqana
Kikubaaqudgha
Sif Muna
Trog
Yredelemnul
Jiyva

Shops:
D:7 (

Annotations:
Lair:5 2 transporters, wWBigheadWw's ghost, journeyman MiBe

...▓▓▓▓▓▓▓..▓▓▓▓ #..#
#..# # ...▓ ..▓ #..#
#..# # ###▓ .#Q #..#
#..# # .▓.. #..#
#..##### ▓...
▓#..####...?..) ' ▓.h.
▓.$..........)) ##▓▓▓
▓..▓'h▓▓▓▓..$......#####
#....
.....HQ..§.§.......# #
... ......YSe§.........#
# .##▓
▓..▓▓▓▓#▓▓#........#####
...▓ ' ' ....
#............. ...▓
.....▓#.............
..<▓
▓.....▓#....$...####.
...▓ ▓.....▓#........#
#. ...▓ ▓.....▓ .... #.
...▓ ▓▓▓▓▓▓▓ #. ..... ..


You could see a catoblepas, a tengu warrior (petrified), a manticore
(petrified), a deep elf pyromancer and 2 howler monkeys.


Message History

The manticore is engulfed in calcifying dust.
The tengu warrior is engulfed in calcifying dust.
The tengu warrior stops moving altogether!
You hear a shout!
Unknown command.
You lash the catoblepas!
The catoblepas is moderately wounded.
The liquid fire burns you!
* * * LOW HITPOINT WARNING * * *
You constrict the catoblepas.
The howler monkey is no longer distracted by gold.
The catoblepas completely misses you.
The manticore is engulfed in calcifying dust.
You feel much better.
The wailing of tortured souls fills the air!
The liquid fire burns you!
* * * LOW HITPOINT WARNING * * *
You constrict the catoblepas.
The tengu warrior is engulfed in calcifying dust.
The catoblepas breathes a plume of calcifying dust at you.
The blast of calcifying dust hits you!
* * * LOW HITPOINT WARNING * * *
The blast of calcifying dust hits the deep elf pyromancer.
The manticore is engulfed in calcifying dust.
You lash the catoblepas!
The catoblepas is heavily wounded.
You are engulfed in calcifying dust.
The liquid fire burns you!
You die...
Your body crumbles into a pile of gold.

Skill      XL: |  1  2  3  4  5  6  7  8  9 10 11 12 13 14 15 |
---------------+----------------------------------------------+-----
Fighting       | 2 3 4 5 6 8 10 12 13 | 13.2
Necromancy     | 2 3 4 5 8 |  8.0
Spellcasting   | 1 |  1.0
Unarmed Combat | 5 7 10 11 12 | 12.0
Shapeshifting  | 7 10 12 14 15 | 15.0
Dodging        | 4 5 7 |  7.0
Ice Magic      | 5 6 |  6.0
Evocations     | 4 |  4.0
Stealth        | 4 |  4.0

Action                     |  1- 3 |  4- 6 |  7- 9 | 10-12 | 13-15 || total
---------------------------+-------+-------+-------+-------+-------++-------
  Melee: Unarmed           |    63 |   135 |   222 |   553 |   808 ||  1781
         Constrict         |    17 |    32 |    55 |   143 |   142 ||   389
         Tentacles         |    11 |    24 |    60 |    94 |       ||   189
         Punch             |     2 |     5 |     9 |       |       ||    16
  Throw: Dart              |       |       |     3 |       |       ||     3
   Cast: Fugue of the Fall |       |     2 |    10 |    23 |    24 ||    59
         Ozocubu's Armour  |       |       |       |     6 |    18 ||    24
Ability: Begin Untransform |       |       |       |       |     2 ||     2
  Evoke: Wand              |       |       |       |       |     6 ||     6
         Lightning rod     |       |       |       |       |     2 ||     2
    Use: Scroll            |       |     4 |     7 |    22 |     6 ||    39
         Potion            |       |     1 |       |       |     4 ||     5
   Stab: Sleeping          |     8 |    13 |     2 |       |     3 ||    26
         Distracted        |       |       |     2 |     8 |     4 ||    14
 Armour: Skin              |    25 |   135 |   115 |   211 |   371 ||   857
  Dodge: Dodged            |    26 |    70 |   152 |   499 |   888 ||  1635
   Form: Flux              |       |       |     1 |       |       ||     1
         Serpent           |       |       |       |     1 |     2 ||     3

Levels and vault maps discovered:
D:1:      dpeg_arrival_simpleton_b, layout_loops_ring,
          dilly_ecumenical_altar_fadedgnrine
D:2:      layout_basic, chequers_serial_rivers_small_b
D:3:      layout_loops_corners, lemuel_tele_altar
D:4:      layout_cave_pods, uniq_robin
D:5:      layout_cave_pools, minmay_temple_entry_gardened_gates,
          nicolae_ossuary_entry_plus
D:6:      minmay_polygon_palace, layout_gridville,
          mainiacjoe_overflow_six_doors_small, slow_altar_2,
          chequers_serial_rivers_micro_d,
          nicolae_concentric_dashed_squares_wild, kennysheep_decorative_pillar,
          uniq_grinder, uniq_maggie
D:7:      layout_loops_ring, serial_shops, nicolae_shop_tiny_waterfront,
          uniq_crazy_yiuf_cottage, uniq_maurice, uniq_pikel
D:8:      layout_layer_cave, minmay_nine_imps
D:9:      layout_basic, grunt_temple_overflow_open, enter_bailey_2
D:10:     layout_basic, nicolae_hepliaklqana_hippocampus, uniq_amaemon
D:11:     layout_cave_pools, minmay_lair_entry_grove
D:12:     layout_roguey, orc_0_dummy, portal_ice_cave_entry_imps, uniq_jorgrun
D:13:     layout_small_grid, skrybe_vaults_entry_preservation
Lair:1:   layout_loops_ring, grunt_megastairs_2, lemuel_fruit_fields,
          serial_bayou_shore_a, lemuel_fruit_tree
Lair:2:   layout_cave_pods, uniq_harold
Lair:3:   layout_regular_city, elwin_shoals_entry_rocks,
          spider_nest_entry_funnel_web, guppyfry_lair_drakes
Lair:4:   layout_cave_pods, slime_entry_1
Lair:5:   minmay_lair_end_enchanted_forest, layout_cave_pods,
          gammafunk_ghost_wrathful_warriors, minmay_lair_oklob_items,
          roderic_batcave, uniq_nessos, uniq_urug

Notes
Turn   | Place    | Note
-------+----------+-------------------------------------------
     0 | D:1      | Heretik the Octopode Shapeshifter began the quest for the
                  | Orb.
     0 | D:1      | Reached XP level 1. HP: 13/13 MP: 1/1
   149 | D:1      | Reached skill level 2 in Fighting
   149 | D:1      | Reached XP level 2. HP: 19/19 MP: 2/2
   386 | D:1      | Reached XP level 3. HP: 25/25 MP: 3/3
   411 | D:1      | Reached skill level 3 in Fighting
   499 | D:1      | Found a faded altar of an unknown god.
  1085 | D:2      | Reached XP level 4. HP: 32/33 MP: 4/4
  1609 | D:2      | Learned a level 3 spell: Fugue of the Fallen
  1653 | D:3      | Reached skill level 4 in Fighting
  1653 | D:3      | Reached skill level 1 in Necromancy
  1865 | D:3      | Found an opulent altar of Gozag.
  2050 | D:3      | Reached skill level 2 in Necromancy
  2130 | D:3      | Reached XP level 5. HP: 35/37 MP: 5/5
  2135 | D:3      | Became a worshipper of Gozag Ym Sagoz the Greedy
  2592 | D:4      | Reached skill level 1 in Spellcasting
  2777 | D:4      | Noticed Robin
  3441 | D:4      | Reached skill level 3 in Necromancy
  3465 | D:4      | Killed Robin
  3466 | D:4      | Reached XP level 6. HP: 34/43 MP: 7/7
  3536 | D:5      | Entered Level 5 of the Dungeon
  3539 | D:5      | Found a staircase to the Ecumenical Temple.
  3546 | D:5      | Reached skill level 4 in Necromancy
  3609 | D:5      | Found a sand-covered staircase.
  3615 | Ossuary  | Entered an ossuary
  3632 | Ossuary  | Reached skill level 5 in Fighting
  3641 | Ossuary  | Reached XP level 7. HP: 50/50 MP: 6/8
  3645 | Ossuary  | Reached skill level 4 in Unarmed Combat
  3790 | Ossuary  | Reached skill level 5 in Unarmed Combat
  4488 | D:6      | Reached XP level 8. HP: 31/57 MP: 9/9
  4692 | D:6      | Reached skill level 6 in Fighting
  4692 | D:6      | Reached skill level 4 in Shapeshifting
  4741 | D:6      | Reached skill level 5 in Shapeshifting
  4813 | D:6      | Reached skill level 6 in Shapeshifting
  4954 | D:6      | Reached skill level 7 in Shapeshifting
  5001 | D:6      | Reached XP level 9. HP: 39/63 MP: 6/10
  5065 | D:6      | Reached skill level 7 in Fighting
  5207 | D:6      | Reached skill level 6 in Unarmed Combat
  5321 | D:6      | Noticed Maggie
  5331 | D:6      | Killed Maggie
  5331 | D:6      | Noticed Grinder
  5332 | D:6      | Reached skill level 7 in Unarmed Combat
  5344 | D:6      | Killed Grinder
  5345 | D:6      | Reached skill level 3 in Dodging
  5419 | D:6      | Found a snail-covered altar of Cheibriados.
  5481 | D:6      | Found an ancient bone altar of Kikubaaqudgha.
  5664 | D:7      | Reached skill level 4 in Dodging
  5962 | D:7      | Found Yqiecelu's Antique Weapon Shop.
  5999 | D:7      | Identified the beast talisman "Tueq" {rC+ rN+}
  6179 | D:7      | Noticed Pikel
  6188 | D:7      | Killed Pikel
  6189 | D:7      | Reached skill level 8 in Fighting
  6189 | D:7      | Reached XP level 10. HP: 72/72 MP: 7/11
  6204 | D:7      | Reached skill level 8 in Shapeshifting
  6376 | D:7      | Noticed Maurice
  6379 | D:7      | Maurice stole an amulet of magic regeneration
  6380 | D:7      | Maurice stole a beast talisman
  6381 | D:7      | Maurice stole 12 datura-tipped darts
  6383 | D:7      | Killed Maurice
  6419 | D:7      | Found a runed translucent door.
  6420 | D:7      | Noticed Crazy Yiuf
  6428 | D:7      | Killed Crazy Yiuf
  6590 | D:8      | Reached skill level 9 in Shapeshifting
  6647 | D:8      | HP: 6/72 [wyvern (9)]
  7279 | D:8      | Reached skill level 10 in Shapeshifting
  7733 | D:9      | Reached skill level 5 in Necromancy
  7733 | D:9      | Reached XP level 11. HP: 72/78 MP: 8/12
  7840 | D:9      | Found a flagged portal.
  7883 | D:9      | Found a shimmering blue altar of Sif Muna.
  7902 | Bailey   | Entered a bailey
  8063 | Bailey   | Reached skill level 8 in Unarmed Combat
  8066 | Bailey   | Noticed an orc knight
  8075 | Bailey   | Killed an orc knight
  8076 | Bailey   | Reached skill level 9 in Fighting
  8237 | Bailey   | Identified a potion of resistance
  8297 | D:9      | Found a basalt altar of Yredelemnul.
  8745 | D:9      | Identified 2 scrolls of acquirement
  8745 | D:9      | Acquired the ring of Equilibrium {Wiz Will+}
  8884 | D:9      | Learned a level 3 spell: Ozocubu's Armour
  8931 | D:10     | Entered Level 10 of the Dungeon
  8941 | D:10     | Got Zischauf's Folio of Confrontation and Points
  9047 | D:10     | Found a hazy altar of Hepliaklqana.
  9100 | D:10     | Noticed Amaemon
  9102 | D:10     | Noticed a two-headed ogre
  9109 | D:10     | Killed Amaemon
  9110 | D:10     | Reached skill level 1 in Ice Magic
  9112 | D:10     | Killed a two-headed ogre
  9113 | D:10     | Reached skill level 2 in Ice Magic
  9309 | D:10     | Noticed a centaur warrior
  9321 | D:10     | Killed a centaur warrior
  9691 | D:11     | Reached skill level 9 in Unarmed Combat
  9691 | D:11     | Reached skill level 3 in Ice Magic
  9821 | D:11     | Reached skill level 10 in Fighting
  9826 | D:11     | Found a staircase to the Lair.
  9829 | D:11     | Noticed a white ugly thing
  9838 | D:11     | Killed a white ugly thing
  9894 | D:10     | Acquired 1321 gold pieces
 10534 | D:11     | Reached skill level 10 in Unarmed Combat
 10549 | D:11     | Reached skill level 4 in Ice Magic
 10565 | D:11     | Reached skill level 5 in Ice Magic
 10665 | D:11     | Reached XP level 12. HP: 87/87 MP: 13/13
 11007 | Lair:1   | Entered Level 1 of the Lair of Beasts
 11238 | Lair:1   | Reached skill level 11 in Unarmed Combat
 11238 | Lair:1   | Reached skill level 1 in Evocations
 11276 | Lair:1   | Reached skill level 2 in Evocations
 11285 | Lair:1   | Reached skill level 3 in Evocations
 11428 | Lair:1   | Reached skill level 4 in Evocations
 11514 | Lair:1   | Reached skill level 6 in Ice Magic
 11909 | Lair:2   | Noticed Harold
 11925 | Lair:2   | Killed Harold
 12135 | Lair:2   | Reached skill level 11 in Shapeshifting
 12437 | Lair:2   | Noticed a seven-headed hydra
 12450 | Lair:2   | Killed a seven-headed hydra
 12721 | Lair:3   | Noticed a skyshark
 12730 | Lair:3   | Killed a skyshark
 12745 | Lair:3   | Reached skill level 12 in Shapeshifting
 12884 | Lair:3   | Found a hole to the Spider Nest.
 12890 | Lair:3   | Reached XP level 13. HP: 92/92 MP: 14/14
 12916 | Lair:3   | Found a staircase to the Shoals.
 13044 | Lair:3   | Reached skill level 11 in Fighting
 13370 | Lair:3   | Acquired a +1 hat of stealth
 14009 | Lair:4   | Learned a level 4 spell: Dispel Undead
 14103 | Lair:4   | Reached skill level 12 in Fighting
 14277 | Lair:4   | Reached skill level 6 in Necromancy
 14533 | Lair:4   | Found a viscous altar of Jiyva.
 14534 | Lair:4   | Found a staircase to the Slime Pits.
 14565 | Lair:4   | Reached skill level 7 in Necromancy
 14629 | Lair:4   | Acquired the +1 hat "Faxough" {Rampage Stlth+}
 14697 | Lair:4   | Reached skill level 8 in Necromancy
 14734 | Lair:4   | Reached skill level 1 in Stealth
 15072 | Lair:5   | Entered Level 5 of the Lair of Beasts
 15072 | Lair:5   | Found a transporter.
 15075 | Lair:5   | Noticed wWBigheadWw's ghost (journeyman MiBe)
 15080 | Lair:5   | Reached skill level 2 in Stealth
 15094 | Lair:5   | Noticed Urug
 15107 | Lair:5   | Killed Urug
 15297 | Lair:5   | Noticed Nessos
 15454 | Lair:4   | Reached skill level 3 in Stealth
 15543 | Lair:5   | Reached skill level 5 in Dodging
 15543 | Lair:5   | Reached skill level 4 in Stealth
 15585 | Lair:5   | Killed Nessos
 15594 | Lair:5   | Reached XP level 14. HP: 57/103 MP: 15/15
 15826 | Lair:5   | Reached skill level 6 in Dodging
 15983 | Lair:5   | Reached skill level 12 in Unarmed Combat
 16154 | Lair:5   | Reached skill level 7 in Dodging
 16405 | Lair:5   | HP: 12/123 [spriggan rider/+0 spear (16)]
 16792 | Lair:5   | Reached skill level 13 in Shapeshifting
 16862 | Lair:5   | Found a transporter.
 16863 | Lair:5   | Found a bloodstained altar of Trog.
 17787 | D:12     | Noticed Jorgrun
 17795 | D:12     | Killed Jorgrun
 17796 | D:12     | Reached skill level 14 in Shapeshifting
 18075 | D:12     | Found a frozen archway.
 18128 | IceCv    | Entered an ice cave
 18922 | IceCv    | HP: 5/123 [slime creature simulacrum (26)]
 19093 | IceCv    | Reached XP level 15. HP: 76/108 MP: 16/16
 19149 | IceCv    | Reached skill level 15 in Shapeshifting
 19357 | IceCv    | Found a viscous altar of Jiyva.
 19357 | IceCv    | Noticed an azure jelly
 19370 | IceCv    | Killed an azure jelly
 19430 | IceCv    | Got Asmodeus's Disquisition on Roasted Battling
 19574 | D:12     | Found a staircase to the Orcish Mines.
 19917 | D:13     | Identified the +9 war axe of Res Nullius {heavy, rN+}
 20130 | D:13     | Reached skill level 13 in Fighting
 20161 | D:13     | HP: 13/133 [catoblepas/blast of calcifying dust (8)]
 20162 | D:13     | Incinerated by a deep elf pyromancer

Vanquished Creatures
  Jorgrun (D:12)
  An azure jelly (IceCv)
  A quicksilver ooze (IceCv)
  An ironbound preserver (D:13)
  Nessos (Lair:5)
  Harold (Lair:2)
  4 hydras
  A catoblepas (Lair:5)
  2 boulder beetles
  2 two-headed ogres
  2 centaur warriors
  8 death yaks
  Urug (Lair:5)
  Amaemon (D:10)
  A skyshark (Lair:3)
  Pikel (D:7)
  An orc knight (Bailey)
  2 oklob plants
  2 manticores (D:12)
  2 ugly things
  3 cyclopes
  Maurice (D:7)
  20 elephants
  3 ice statues (IceCv)
  4 black mambas
  Maggie (D:6)
  14 cane toads
  An orange demon (D:10)
  A gargoyle (D:13)
  A torpor snail (Lair:5)
  7 komodo dragons
  2 kobold demonologists (D:11)
  2 rime drakes
  5 trolls
  6 polar bears
  5 hornets (Lair:5)
  Grinder (D:6)
  10 blink frogs
  A dream sheep (Lair:3)
  A jumping spider (Lair:3)
  2 vampires
  A basilisk (Lair:2)
  13 spriggans (Lair:5)
  A wraith (D:12)
  12 slime creatures (IceCv)
  33 yaks
  A shadow (D:12)
  A hog (shapeshifter) (D:13)
  10 wyverns
  A redback (Lair:3)
  A steam dragon (D:8)
  18 water moccasins
  7 great orb of eyes simulacra (IceCv)
  3 acid dragons
  An ice beast (D:6)
  5 black bears
  6 orc warriors
  3 sky beasts
  19 wolves (Lair:5)
  4 ogres
  4 boggarts (Lair:5)
  3 centaurs
  A phantom (D:6)
  4 kobold brigands
  5 slime creature simulacra (IceCv)
  16 bullfrogs
  3 elf zombies (Ossuary)
  3 glowing shapeshifter simulacra (IceCv)
  2 gnoll sergeants
  4 scorpions
  10 wights
  11 howler monkeys
  A vampire bat (Lair:5)
  An electric eel (Lair:1)
  2 bombardier beetles
  9 crimson imps (D:8)
  7 hounds
  11 orc priests
  Crazy Yiuf (D:7)
  2 gnoll boudas
  A human zombie (Ossuary)
  5 iguanas
  2 sleepcaps (D:6)
  14 orc wizards
  2 shapeshifter simulacra (IceCv)
  A hound zombie (Ossuary)
  4 mummies (Ossuary)
  Robin (D:4)
  23 gnolls
  9 adders
  3 shadow imps
  11 white imps (D:12)
  3 ufetubi
  An adder zombie (Ossuary)
  3 dart slugs
  3 ribbon worms
  33 orcs
  4 endoplasms
  3 giant cockroaches (D:1)
  19 goblins
  13 hobgoblins
  5 quokkas
  5 ball pythons
  14 bats
  2 frilled lizards (D:3)
  A gnoll zombie (Ossuary)
  2 hobgoblin zombies (Ossuary)
  A jackal zombie (Ossuary)
  23 kobolds
  2 kobold zombies (Ossuary)
  4 rats
584 creatures vanquished.

Vanquished Creatures (others)
  A vampire (D:11)
  A white imp (D:12)
2 creatures vanquished.

Grand Total: 586 creatures vanquished

Table legend: (Time is in decaauts)
 A = Elapsed time spent in this place.
 B = Non-inter-level travel time spent in this place.
 C = Inter-level travel time spent in this place.
 D = Time resting spent in this place.
 E = Time spent auto-exploring this place.
 F = Levels seen in this place.
 G = Mean time per level.
                   A        B        C        D        E       F      G
               +--------+--------+--------+--------+--------+-----+--------+
         Total |  19911 |  19130 |    781 |   3464 |  11814 |  21 |  948.1 |
       Dungeon |  11356 |  10836 |    520 |   1791 |   7098 |  13 |  873.5 |
          Lair |   6558 |   6298 |    260 |    914 |   4159 |   5 | 1311.6 |
       Ossuary |    244 |    244 |      0 |     20 |    117 |   1 |  244.0 |
        Bailey |    355 |    355 |      0 |      0 |    159 |   1 |  355.0 |
      Ice Cave |   1396 |   1396 |      0 |    738 |    281 |   1 | 1396.0 |
               +--------+--------+--------+--------+--------+-----+--------+

Top non-repeatable levels by time:
  Lair:4: 1889 daAuts
  Lair:5: 1775 daAuts
   IceCv: 1396 daAuts
     D:6: 1303 daAuts
    D:10: 1301 daAuts
  Lair:3: 1135 daAuts
     D:9: 1106 daAuts
     D:8: 982 daAuts
     D:4: 980 daAuts
  Lair:2: 928 daAuts
     D:3: 916 daAuts
     D:2: 849 daAuts
  Lair:1: 829 daAuts
     D:1: 777 daAuts
    D:11: 771 daAuts

Table legend:
 A = Non-vault XP
 B = Vault XP
 C = Vault XP percentage of total XP
 D = Non-vault monster count
 E = Vault monster count
 F = Vault count percentage of total count
                 A         B        C        D         E       F
            +---------+---------+-------+---------+---------+-------
      Total |   65209 |   33294 |  33.8 |     370 |     216 |  36.9
            +---------+---------+-------+---------+---------+-------
        D:1 |      52 |       0 |   0.0 |      23 |       0 |   0.0
        D:2 |      43 |       0 |   0.0 |      16 |       0 |   0.0
        D:3 |      83 |       0 |   0.0 |      20 |       0 |   0.0
        D:4 |     108 |      36 |  25.0 |       8 |      12 |  60.0
        D:5 |     439 |       0 |   0.0 |      13 |       0 |   0.0
        D:6 |     519 |    2044 |  79.8 |      14 |      27 |  65.9
        D:7 |     747 |    1202 |  61.7 |      13 |       3 |  18.8
        D:8 |    1419 |     436 |  23.5 |      27 |       9 |  25.0
        D:9 |    2225 |       0 |   0.0 |      31 |       0 |   0.0
       D:10 |    2046 |    1188 |  36.7 |      18 |       2 |  10.0
       D:11 |    3489 |    1839 |  34.5 |      18 |      11 |  37.9
       D:12 |    5544 |    2015 |  26.7 |      15 |      13 |  46.4
       D:13 |    3073 |    1632 |  34.7 |      12 |       2 |  14.3
     Lair:1 |    3526 |    1041 |  22.8 |      16 |       4 |  20.0
     Lair:2 |    4496 |     892 |  16.6 |      17 |       1 |   5.6
     Lair:3 |    5069 |    1488 |  22.7 |      21 |       6 |  22.2
     Lair:4 |   13822 |       0 |   0.0 |      38 |       0 |   0.0
     Lair:5 |   17829 |    9939 |  35.8 |      47 |      52 |  52.5
    Ossuary |       0 |     431 | 100.0 |       0 |      16 | 100.0
     Bailey |       0 |    1108 | 100.0 |       0 |      27 | 100.0
      IceCv |     680 |    8003 |  92.2 |       3 |      31 |  91.2
            +---------+---------+-------+---------+---------+-------
